 Dungeon Crawl Stone Soup version 0.22-a0-322-g60b3cfd (webtiles) character file.

774 sankara the Ruffian (level 7, -3/52 HPs)
             Began as a Minotaur Transmuter on Apr 2, 2018.
             Slain by Duvessa
             ... wielding a +0 rapier
              (17 damage)
             ... on level 4 of the Dungeon.
             The game lasted 00:10:10 (4219 turns).

sankara the Ruffian (Minotaur Transmuter)           Turns: 4219, Time: 00:10:10

Health: -3/52      AC:  2    Str: 15    XL:     7   Next: 53%
Magic:  4/8        EV: 20    Int: 12    God:
Gold:   121        SH:  0    Dex: 18    Spells: 2/8 levels left

rFire    . . .     SeeInvis .     - Unarmed
rCold    . . .     Gourm    .   (shield currently unavailable)
rNeg     + . .     Faith    .   (armour currently unavailable)
rPois    x         Spirit   .   (helmet currently unavailable)
rElec    .         Reflect  .   (cloak currently unavailable)
rCorr    .         Harm     .   (gloves currently unavailable)
MR       .....                  (boots currently unavailable)
Stlth    ++........             (no amulet)
HPRegen  0.17/turn              m - +3 ring of dexterity
MPRegen  0.11/turn              n - ring of positive energy (curse) {rN+}

@: spider-form (expiring)
A: tiny, (retaliatory headbutt)
a: End Transformation


You were on level 4 of the Dungeon.
You were not hungry.
You were a venomous arachnid creature.
You visited 1 branch of the dungeon, and saw 4 of its levels.

You collected 121 gold pieces.

Inventory:

Missiles
 a - 32 arrows
 c - 175 stones (quivered)
Armour
 b - a +0 robe (melded)
Jewellery
 m - a +3 ring of dexterity (left front leg)
   (You found it on level 2 of the Dungeon)
 n - a cursed ring of positive energy (right front leg) {rN+}
   (You found it on level 2 of the Dungeon)
 p - an uncursed ring of flight {+Fly, !d}
   (You found it on level 2 of the Dungeon)
Scrolls
 e - 4 scrolls of identify {unknown}
 i - a scroll of immolation {unknown}
 j - a scroll of enchant armour {unknown}
 k - 2 scrolls of fear {unknown}
 r - a scroll of remove curse {unknown}
 x - a scroll of amnesia {unknown}
Potions
 g - a potion of lignification {unknown}
 h - a potion of ambrosia {unknown}
 l - a potion of haste {unknown}
 o - a potion of curing {unknown}
 q - a potion of invisibility {unknown}
 s - a potion of berserk rage {unknown}
 t - 2 potions of flight {unknown}
 v - a potion of degeneration {unknown}
 w - a potion of heal wounds {unknown}
Comestibles
 d - 8 rations
 u - 4 chunks of flesh {@w0}


   Skills:
 - Level 1.2 Fighting
 - Level 2.1 Dodging
 + Level 7.3 Unarmed Combat
 - Level 1.3 Spellcasting
 + Level 5.1 Transmutations


You had 2 spell levels left.
You knew the following spells:

 Your Spells              Type           Power        Failure   Level  Hunger
a - Beastly Appendage     Tmut           ##....       12%         1    ##.....
b - Sticks to Snakes      Tmut           ##......     16%         2    ###....
c - Spider Form           Tmut/Pois      #.........   52%         3    ####...


Dungeon Overview and Level Annotations

Branches:
Dungeon (4/15)
 Temple: D:4-7

Altars:
Trog
Xom

Annotations:
D:4 Duvessa


Innate Abilities, Weirdness & Mutations

((You reflexively headbutt those who attack you in melee.))
((You have a pair of horns on your head.))


Message History

Your feet morph into talons.
You hit the ball python.
You kill the ball python!
You see here a ball python corpse.
You butcher the ball python corpse.
u - 5 chunks of flesh {@w0} (gained 4)
You now have 121 gold pieces (gained 12).
Your transformation is almost over.
Your talons disappear.
There is a shaft here.
You hear the slow rusting of a very distant drain.
Magic restored.
You hear the rusting of a very distant drain.
Marking area around Dowan as unsafe for travelling.
Dowan, Brother of Duvessa comes into view.
He is wielding a dagger.
Casting: Beastly Appendage (safe; 3% risk of failure)
Confirm with . or Enter, or press ? or * to list all spells.
You create a snake!
You now have 32 arrows.
You are feeling hungry.
Dowan says, "Magic and the sword, together, will defeat you."
Casting: Sticks to Snakes (safe; 5% risk of failure)
Confirm with . or Enter, or press ? or * to list all spells.
You miscast Spider Form.
You are very lightly contaminated with residual magic.
Wisps of poison gas drift from your hands.
Casting: Spider Form (safe; 30% risk of failure)
Confirm with . or Enter, or press ? or * to list all spells.
You turn into a venomous arachnid creature.
Your +0 robe melds into your body.
Dowan says, "Stay away from my face!"
Dowan barely misses your ball python.
Your transformation is almost over.
Your ball python bites Dowan but does no damage.
Your ball python grabs Dowan.
Your ball python constricts Dowan.
Dowan hits your ball python with a dagger.
Your ball python completely misses Dowan.
Your ball python constricts Dowan.
Dowan says, "Magic and the sword, together, will defeat you."
Dowan hits your ball python with a dagger.
Your ball python dies!
Dowan hits you with a dagger.
You hit Dowan.
Dowan is poisoned.
Dowan is moderately wounded.
Dowan closely misses you.
You bite Dowan!
Dowan looks as sick as possible!
Dowan is heavily wounded.
Dowan hits you with a dagger.
You bite Dowan!
You kill Dowan!
You hear a distant scream of rage.
Things that are here:
a dagger; a robe Your transformation has ended.
Your +0 robe unmelds from your body.
You hear the rusting of a very distant drain.
Your magical contamination has completely faded away.
As you read the scroll labeled DYAQOT ZOXTOETZ, it crumbles to dust.
You feel aware of your surroundings.
You sensed 1 shop/portal.
It was a scroll of magic mapping.
Eating one of 5 chunks of flesh {@w0}.
You eat one of the 5 chunks of flesh {@w0}.
This raw flesh tastes terrible.
There is a stone staircase leading down here.
Duvessa, Sister of Dowan comes into view.
She is wielding a rapier.
Casting: Spider Form (safe; 30% risk of failure)
Confirm with . or Enter, or press ? or * to list all spells.
You turn into a venomous arachnid creature.
Your +0 robe melds into your body.
Duvessa shouts!
Your transformation is almost over.
Duvessa goes berserk!
You hear a shout!
You hit Duvessa but do no damage.
Duvessa is poisoned.
Duvessa hits you with a rapier.
You are too injured to fight recklessly!
You are too injured to fight recklessly!
You bite Duvessa!
Duvessa looks as sick as possible!
Duvessa is moderately wounded.
Duvessa closely misses you.
You barely miss Duvessa.
Duvessa is moderately wounded.
Duvessa misses you.
You hit Duvessa but do no damage.
Duvessa is moderately wounded.
Duvessa hits you with a rapier!
Unknown command.
Unknown command.
You bite Duvessa!
Duvessa looks as sick as possible!
Duvessa is heavily wounded.
Duvessa hits you with a rapier!
* * * LOW HITPOINT WARNING * * *
You hit Duvessa.
Duvessa is heavily wounded.
Duvessa completely misses you. Duvessa misses you.
You completely miss Duvessa.
Duvessa is severely wounded.
Duvessa hits you but does no damage.
You hear a shout!
Duvessa hits you with a rapier!
You die...

..S..##.......# #.#
.#O#.##.......#### #.#
.#.#.##..........# #.#
.#.#.##..........# ####.####
.................# #.[.....####
#.......##.##.#### #.......##..
........##.##.# #.......##..
(.......##.##.########.......##..
##.#.$.........es................
,..####........#...#.......######
*### #.[......+...+.......#
******#........#...#.......######
,,,,,*##########...#.......##....
,,,,,* #...#.......##.... ,,,,,*
#...#.......##.... ,,,,,*
#...#.......#####. ,,,,,**
#..)........# #.


You could see Duvessa (berserk).

Vanquished Creatures
  The ghost of xccam the Chopper, an amateur FoFi (D:3)
  Menkaure (D:4)
  An ogre (D:2)
  The ghost of sankara the Sneak, an amateur OpIE (D:4)
  Dowan (D:4)
  A scorpion (D:4)
  A howler monkey (D:4)
  An iguana (D:4)
  Robin (D:3)
  4 adders
  An ooze (D:3)
  A worm (D:3)
  4 dart slugs
  3 leopard geckos
  2 orcs
  7 bats
  3 giant cockroaches (D:1)
  16 goblins
  11 hobgoblins
  4 kobolds
  2 ball pythons
  5 frilled lizards
  10 rats
82 creatures vanquished.

Notes
Turn   | Place    | Note
-------+----------+-------------------------------------------
     0 | D:1      | sankara the Minotaur Transmuter began the quest for the Orb.
     0 | D:1      | Reached XP level 1. HP: 16/16 MP: 1/1
   479 | D:1      | Reached XP level 2. HP: 15/23 MP: 0/3
   481 | D:1      | Reached skill level 2 in Transmutations
   488 | D:1      | Learned a level 2 spell: Sticks to Snakes
   966 | D:1      | Reached skill level 4 in Unarmed Combat
  1145 | D:1      | Reached XP level 3. HP: 27/28 MP: 2/4
  1702 | D:2      | HP: 7/28 [poisoned by an adder]
  1707 | D:2      | HP: 6/28 [poisoned by an adder]
  1714 | D:2      | HP: 3/28 [poisoned by an adder]
  1722 | D:2      | HP: 2/28 [poisoned by an adder]
  2242 | D:2      | Reached XP level 4. HP: 32/35 MP: 3/5
  2265 | D:2      | Noticed an ogre
  2275 | D:2      | Killed an ogre
  2275 | D:2      | Reached skill level 5 in Unarmed Combat
  2275 | D:2      | Reached skill level 3 in Transmutations
  2275 | D:2      | Reached XP level 5. HP: 25/40 MP: 0/6
  2284 | D:2      | Learned a level 3 spell: Spider Form
  2884 | D:3      | Noticed Robin
  2927 | D:3      | HP: 10/40 [Robin/vampiric spear (3)]
  2931 | D:3      | Killed Robin
  3437 | D:3      | Found a bloodstained altar of Trog.
  3675 | D:3      | Noticed xccam's ghost (amateur FoFi)
  3693 | D:3      | Killed xccam's ghost
  3693 | D:3      | Reached skill level 6 in Unarmed Combat
  3693 | D:3      | Reached skill level 4 in Transmutations
  3693 | D:3      | Reached XP level 6. HP: 47/47 MP: 2/7
  3952 | D:4      | Found a shimmering altar of Xom.
  3953 | D:4      | Noticed sankara's ghost (amateur OpIE)
  3966 | D:4      | Reached XP level 7. HP: 45/52 MP: 4/8
  3971 | D:4      | Killed sankara's ghost
  4025 | D:4      | Noticed Menkaure
  4032 | D:4      | Killed Menkaure
  4032 | D:4      | Reached skill level 7 in Unarmed Combat
  4032 | D:4      | Reached skill level 5 in Transmutations
  4144 | D:4      | Noticed Dowan
  4163 | D:4      | Killed Dowan
  4209 | D:4      | Noticed Duvessa
  4215 | D:4      | HP: 13/52 [Duvessa/rapier (13)]
  4219 | D:4      | Slain by Duvessa

Vault maps used:
D:1:      dpeg_arrival_arbitrary_a
D:3:      bloody_trog, first_ration, kennysheep_generic_room_14, uniq_robin
D:4:      portal_sewer_entry_e, lemuel_statue_altar, uniq_duvessa, uniq_menkaure

Skill      XL: |  1  2  3  4  5  6  7 |
---------------+----------------------+-----
Transmutations | 2 3 4 5 |  5.1
Unarmed Combat | 4 5 6 7 |  7.3
Fighting       | |  1.2
Dodging        | |  2.1
Spellcasting   | |  1.3

Action                   |  1- 3 |  4- 6 |  7- 9 || total
-------------------------+-------+-------+-------++-------
Melee: Unarmed           |    99 |   112 |    21 ||   232
       Kick              |    14 |    11 |       ||    25
       Headbutt          |     4 |    11 |       ||    15
       Punch             |     3 |     1 |       ||     4
 Cast: Beastly Appendage |    26 |    16 |     1 ||    43
       Sticks to Snakes  |       |     3 |     2 ||     5
       Spider Form       |       |     7 |     3 ||    10
  Use: Scroll            |       |       |     1 ||     1
  Eat: Chunk             |     5 |     7 |     2 ||    14
Armor: Robe              |    22 |     8 |       ||    30
       Skin              |       |     5 |     2 ||     7
Dodge: Dodged            |    66 |    89 |     7 ||   162

Table legend:
 A = Spawn XP
 B = Non-spawn XP
 C = Spawn XP percentage of total XP
 D = Spawn monster count
 E = Non-spawn monster count
 F = Spawn count percentage of total count
 G = Total turns spent on level
                    A         B        C        D         E        F      G
               +---------+---------+-------+---------+---------+-------+---------
         Total |       0 |    1107 |   0.0 |       0 |      82 |   0.0 |  4219
               +---------+---------+-------+---------+---------+-------+---------
           D:1 |       0 |      51 |   0.0 |       0 |      28 |   0.0 |  1469
           D:2 |       0 |     166 |   0.0 |       0 |      15 |   0.0 |  1009
           D:3 |       0 |     365 |   0.0 |       0 |      30 |   0.0 |  1355
           D:4 |       0 |     525 |   0.0 |       0 |       9 |   0.0 |   386
               +---------+---------+-------+---------+---------+-------+---------

Vault maps used:
D:1:      dpeg_arrival_arbitrary_a
D:3:      bloody_trog, first_ration, kennysheep_generic_room_14, uniq_robin
D:4:      portal_sewer_entry_e, lemuel_statue_altar, uniq_duvessa, uniq_menkaure

Table legend:
 A = Turns spent in this place as a percentage of turns spent in the entire game.
 B = Non-inter-level travel turns spent in this place as a percentage of non-inter-level travel turns spent in the entire game.
 C = Inter-level travel turns spent in this place as a percentage of turns spent in this place.
 D = Turns resting spent in this place as a percentage of non-inter-level travel turns spent in this place.
 E = Turns spent auto-exploring this place as a percentage of non-inter-level travel turns spent in this place.
 F = Non-inter-level travel turns spent in this place divided by the number of levels of this place that you've seen.
                   A       B       C       D       E      F
               +-------+-------+-------+-------+-------+----------------------
         Total | 100.0 | 100.0 |   2.0 |  33.5 |  47.1 | 1033.5
       Dungeon | 100.0 | 100.0 |   2.0 |  33.5 |  47.1 | 1033.5
               +-------+-------+-------+-------+-------+----------------------

Table legend:
 A = Kills in this place as a percentage of kills in entire the game.
 B = Kills by you in this place as a percentage of kills by you in the entire game.
 C = Kills by friends in this place as a percentage of kills by friends in the entire game.
 D = Other kills in this place as a percentage of other kills in the entire game.
 E = Experience gained in this place as a percentage of experience gained in the entire game.
 F = Experience gained in this place divided by the number of levels of this place that you have seen.
                   A       B       C       D       E      F
               +-------+-------+-------+-------+-------+----------------------
         Total | 100.0 | 100.0 |   N/A |   N/A | 100.0 | 276.8
       Dungeon | 100.0 | 100.0 |   N/A |   N/A | 100.0 | 276.8
               +-------+-------+-------+-------+-------+----------------------
